 Dungeon Crawl Stone Soup version 0.17-a0-1949-g1acca9a (webtiles) character file.

697 Ordine the Cruncher (level 7, -1/84 HPs)
             Began as a Minotaur Gladiator on Oct 2, 2015.
             Slain by a slave (3 damage)
             ... led by Pikel
             ... on level 5 of the Dungeon.
             The game lasted 00:08:19 (3134 turns).

Ordine the Cruncher (Minotaur Gladiator)            Turns: 3134, Time: 00:08:19

Health: -1/84      AC: 23    Str: 24    XL:     7   Next: 37%
Magic:  6/6        EV:  2    Int: 12    God:
Gold:   225        SH:  0    Dex: 18    Spells: 0 memorised, 6 levels left

rFire  . . .     SeeInvis .     a - +0 quarterstaff
rCold  . . .     Clarity  .     (armour currently unavailable)
rNeg   + + +     SustAt   .     (no shield)
rPois  +         Gourm    .     (helmet currently unavailable)
rElec  .         Spirit   .     (cloak currently unavailable)
rCorr  .         Warding  .     (gloves currently unavailable)
rMut   .         NoTele   +     (boots currently unavailable)
MR     .....                    y - amulet of rage
Stlth  +++.......               l - +2 ring of slaying
                                j - +2 ring of intelligence

@: mighty, brilliant, agile, tree-form, not resistant to hostile enchantments,
fairly stealthy
A: (retaliatory headbutt), (horns 0)
a: Evoke Berserk Rage


You were on level 5 of the Dungeon.
You were hungry.
You were a tree.
You visited 2 branches of the dungeon, and saw 6 of its levels.

You collected 225 gold pieces.

Inventory:

Hand weapons
 a - a +0 quarterstaff (weapon)
Missiles
 d - 3 throwing nets (quivered)
Armour
 c - a +0 hat (melded)
 k - a +0 chain mail (melded)
 v - a +0 cloak (melded)
Jewellery
 j - a +2 ring of intelligence (left branch)
 l - a +2 ring of slaying (right branch)
 y - an amulet of rage (around neck)
Magical devices
 n - a wand of random effects (32)
Scrolls
 o - a scroll of remove curse
 p - a scroll of teleportation
 u - a scroll of magic mapping
Potions
 b - a potion of lignification
 f - a potion of cancellation
 g - 4 potions of flight
 h - a potion of curing
 q - a potion of magic
Comestibles
 e - 6 bread rations
 s - 2 meat rations
 x - a chunk of flesh


   Skills:
 - Level 2.4 Fighting
 + Level 10.3 Staves
 - Level 2.0 Throwing
 - Level 3.2 Dodging


You had 6 spell levels left.
You didn't know any spells.

Dungeon Overview and Level Annotations

Branches:
Dungeon (5/15)             Temple (1/1) D:5

Altars:
Cheibriados
Elyvilon
Fedhas
Gozag
Kikubaaqudgha
Sif Muna
Yredelemnul
Zin
The Shining One

Annotations:
D:5 Pikel


Innate Abilities, Weirdness & Mutations

((You reflexively headbutt those who attack you in melee.))
((You have a pair of horns on your head.))


Message History

It was a potion of magic.
Magic courses through your body.
The slave hits you but does no damage. x3
The slave hits you.
* * * LOW HITPOINT WARNING * * *
Pikel hits you but does no damage.
Drink which item? (? for menu, Esc to quit)
It was a potion of might.
You feel very mighty all of a sudden.
The slave hits you but does no damage. x4
Pikel hits you but does no damage.
Drink which item? (? for menu, Esc to quit)
It was a potion of agility.
You feel agile all of a sudden.
The slave hits you but does no damage. x4
Pikel hits you but does no damage.
Drink which item? (? for menu, Esc to quit)
It was a potion of cure mutation.
It has a very clean taste.
Your vision sharpens.
You feel clumsy. The slave hits you.
You die...

###### #....# ######
#....# #....# #...?#
##.##.# #....#
##.##.#########....#
##.>...........pKp.#
##..#.#########.♣p.#
[.....# ######.p..#
###.### #...###.### # #.#
#...# #..# #
#.######...####.####### #
#......................
#####.#.#########...#####
......#.# #.....#
#######.###### ##.P.P.#


You could see Pikel and 4 slaves.

Vanquished Creatures
  Sigmund (D:2)
  An orc warrior (D:3)
  2 ogres (D:4)
  A jelly (D:3)
  An orc priest (D:5)
  A giant frog skeleton (D:4)
  Jessica (D:2)
  2 orc wizards
  5 adders
  3 worms
  A giant gecko (D:3)
  9 orcs
  5 bats
  6 giant cockroaches
  6 goblins
  10 hobgoblins
  2 jackals (D:1)
  A quokka (D:4)
  A giant newt (D:4)
  A jackal skeleton (D:4)
  7 kobolds
  5 rats
72 creatures vanquished.

Notes
Turn   | Place    | Note
--------------------------------------------------------------
     0 | D:1      | Ordine the Minotaur Gladiator began the quest for the Orb.
     0 | D:1      | Reached XP level 1. HP: 18/18 MP: 0/0
   100 | D:1      | Reached skill level 4 in Staves
   220 | D:1      | Reached XP level 2. HP: 25/25 MP: 1/1
   830 | D:2      | Reached skill level 5 in Staves
  1000 | D:2      | Noticed Jessica
  1003 | D:2      | Killed Jessica
  1003 | D:2      | Reached XP level 3. HP: 25/30 MP: 2/2
  1298 | D:2      | Noticed Sigmund
  1308 | D:2      | Killed Sigmund
  1308 | D:2      | Reached skill level 7 in Staves
  1308 | D:2      | Reached XP level 4. HP: 18/37 MP: 3/3
  1308 | D:2      | Reached XP level 5. HP: 20/42 MP: 4/4
  1626 | D:3      | Reached skill level 8 in Staves
  1734 | D:3      | Reached XP level 6. HP: 47/50 MP: 5/5
  1899 | D:3      | Noticed an orc warrior
  1905 | D:3      | Killed an orc warrior
  1905 | D:3      | Reached skill level 9 in Staves
  2724 | D:4      | Reached XP level 7. HP: 42/56 MP: 6/6
  2757 | D:4      | Reached skill level 10 in Staves
  2824 | D:4      | Found a deep blue altar of Sif Muna.
  2878 | D:5      | Entered Level 5 of the Dungeon
  3016 | D:5      | Found a staircase to the Ecumenical Temple.
  3024 | Temple   | Entered the Ecumenical Temple
  3112 | D:5      | Gained mutation: Scrolls take you a little longer to read. [potion of mutation]
  3112 | D:5      | Gained mutation: You are agile. (Dex +2) [potion of mutation]
  3121 | D:5      | Noticed Pikel
  3129 | D:5      | HP: 4/84 [Pikel/whip of electrocution (10)]
  3131 | D:5      | HP: 1/84 [slave[Pikel] (3)]
  3134 | D:5      | Lost mutation: Scrolls take you a little longer to read. [potion of cure mutation]
  3134 | D:5      | Lost mutation: You are agile. (Dex +2) [potion of cure mutation]
  3134 | D:5      | Slain by a slave

Vault maps used:
D:1:      dpeg_arrival_brainrot
D:2:      uniq_sigmund, uniq_jessica
D:4:      led_sif_pool, first_bread
D:5:      minmay_temple_entry_trees, serial_shops, kennysheep_little_box,
          uniq_grinder, uniq_pikel, uniq_blork_the_orc
Temple:   cyrus_temple_forest_13

Action                   |  1- 3 |  4- 6 |  7- 9 || total
-------------------------+-------+-------+-------++-------
Melee: Quarterstaff      |    65 |    64 |    31 ||   160
  Use: Scroll            |     4 |     8 |     2 ||    14
       Potion            |       |       |     8 ||     8
  Eat: Chunk             |     1 |     4 |     1 ||     6
